 Dungeon Crawl Stone Soup version 0.27.1-3-gb3d3a73c9e (webtiles) character file.

Game seed: 17171851865733507693

142 jlumianski the Covered (level 5, -6/33 HPs)
             Began as a Gargoyle Fighter on Oct 24, 2021.
             Mangled by an iron imp (7 damage)
             ... summoned by Natasha
             ... on level 2 of the Dungeon.
             The game lasted 00:08:33 (3114 turns).

jlumianski the Covered (Gargoyle Fighter)           Turns: 3114, Time: 00:08:34

Health: -6/33      AC: 16    Str: 20    XL:     5   Next: 24%
Magic:  5/5        EV:  5    Int:  9    God:
Gold:   104        SH:  9    Dex:  9    Spells: 4/4 levels left

rFire    . . .     SeeInvis .   a - +0 war axe
rCold    . . .     Faith    .   c - +0 kite shield
rNeg     + . .     Spirit   .   f - +0 chain mail
rPois    ∞         Reflect  .   (no helmet)
rElec    +         Harm     .   (no cloak)
rCorr    .         Rampage  .   g - +0 pair of gloves
Will     .....                  m - +0 pair of boots
Stlth    ..........             (no amulet)
HPRegen  0.11/turn              (no ring)
MPRegen  0.09/turn              (no ring)

@: slowed, very slow
A: sickness immunity, AC +4, negative energy resistance 1, electricity
resistance, torment resistance 1, petrification resistance
a: no special abilities


You were on level 2 of the Dungeon.
You visited 1 branch of the dungeon, and saw 2 of its levels.

You collected 104 gold pieces.

Inventory:

Hand Weapons
 a - a +0 war axe (weapon)
 i - a +2 whip of freezing
Missiles
 h - 11 stones (quivered)
Armour
 b - a +0 scale mail
 c - a +0 kite shield (worn)
 f - a +0 chain mail (worn)
 g - a +0 pair of gloves (worn)
 m - a +0 pair of boots (worn)
Jewellery
 l - a +6 ring of intelligence
Wands
 n - a wand of flame (17)
Scrolls
 e - 3 scrolls of magic mapping {unknown}
 j - 5 scrolls of identify {unknown}
 k - a scroll of amnesia {unknown}
Potions
 d - a potion of might


   Skills:
 + Level 3.7 Fighting
 + Level 3.0 Axes
 + Level 4.7 Armour
 + Level 0.1 Dodging
 + Level 3.9 Shields


You had 4 spell levels left.
You didn't know any spells.
Your spell library was empty.

Dungeon Overview and Level Annotations

Branches:
Dungeon (2/15)

Altars:

Annotations:
D:2 Natasha


Innate Abilities, Weirdness & Mutations

You are immune to sickness and miasma.
Your stone body is resilient. (AC +4)
You are immune to poison.
You resist negative energy. (rN+)
You are resistant to electric shocks. (rElec)
You are resistant to unholy torment.
You are immune to petrification.


Message History

Natasha growls.
The iron imp hits you. Natasha claws you. The iron imp barely misses you.
You hit Natasha but do no damage.
Your chain mail prevents you from hitting the iron imp.
Natasha claws you.
The iron imp hits you but does no damage.
You block Natasha's attack.
You barely miss Natasha. You hit the iron imp. Natasha casts a spell at you.
The magic dart hits you. The iron imp barely misses you.
Natasha claws you but does no damage. The iron imp hits you.
You block Natasha's attack.
You closely miss Natasha. You hit the iron imp but do no damage.
You block the iron imp's attack. You block Natasha's attack.
The iron imp hits you but does no damage.
You block Natasha's attack.
You completely miss Natasha. You hit the iron imp.
Natasha casts a spell at you.
You feel as though you will be slow longer.
The iron imp hits you but does no damage.
Natasha claws you. The iron imp completely misses you.
Natasha claws you but does no damage.
You closely miss Natasha. You hit the iron imp.
You block the iron imp's attack. Natasha claws you but does no damage.
The iron imp hits you but does no damage.
Natasha stares at you and mumbles some strange words.
You resist with some effort.
You slash Natasha!
Natasha is heavily wounded.
You closely miss the iron imp. Natasha barely misses you.
The iron imp hits you but does no damage.
Natasha claws you.
* * * LOW HITPOINT WARNING * * *
The iron imp hits you.
* * * LOW HITPOINT WARNING * * *
You miss Natasha.
Natasha is heavily wounded.
You hit the iron imp.
Natasha drinks a potion.
Natasha is healed!
The iron imp hits you!
You die...

...+....########.# #..........
...###.#.......#.######........##
...###.#.#####.#.#...............
....##.#.#...#.#.#.###########.##
.......#.....#.#.#.# #.#
####.#.......#.#.#.# #.#
#..[.............# #.#
#............#5########### #.##
#.#..........h@..........# #.#.
#.#.######.#.#.#########.###.#.
#.#.# #.#.#.# #......#. #.#.#
#.#.#.# #..#####. #.#.# #.#.#.#
#..# #. ###.#.# #.#...# #..#####.
....#.# #.##### #........ ......#
#.# #.####### ..>...# #.# #.#


You could see an iron imp (summoned) and Natasha.

Vanquished Creatures
  Natasha (twice) (D:2)
  A gnoll (D:1)
  An adder (D:2)
  A dart slug (D:2)
  3 ball pythons
  8 bats
  3 endoplasms
  12 giant cockroaches (D:2)
  8 goblins
  2 hobgoblins
  3 jackals (D:2)
  11 kobolds
  3 quokkas
  4 frilled lizards
  6 rats (D:1)
68 creatures vanquished.

Vanquished Creatures (others)
  3 plants (D:1)
3 creatures vanquished.

Grand Total: 71 creatures vanquished

Notes
Turn   | Place    | Note
-------+----------+-------------------------------------------
     0 | D:1      | jlumianski the Gargoyle Fighter began the quest for the
                  | Orb.
     0 | D:1      | Reached XP level 1. HP: 14/14 MP: 1/1
   121 | D:1      | Reached XP level 2. HP: 16/19 MP: 2/2
   976 | D:1      | Reached XP level 3. HP: 16/23 MP: 3/3
  1434 | D:1      | Found a faded altar of an unknown god.
  1999 | D:2      | Noticed Natasha
  2025 | D:2      | Killed Natasha
  2026 | D:2      | Reached skill level 4 in Armour
  2026 | D:2      | Reached XP level 4. HP: 15/29 MP: 4/4
  2902 | D:2      | Reached XP level 5. HP: 31/33 MP: 5/5
  3063 | D:2      | Noticed Natasha
  3073 | D:2      | Killed Natasha
  3102 | D:2      | Noticed Natasha
  3113 | D:2      | HP: 1/33 [iron imp[Natasha] (5)]
  3114 | D:2      | Mangled by an iron imp

Illustrated notes

Levels and vault maps discovered:
D:1:      eino_arrival_cavern_d, layout_basic,
          shapermc_ecumenical_altar_mp_urbaneastern,
          chequers_serial_rivers_micro_a, serial_park_tiny_2,
          serial_bayou_lagoon_a, nrook_uturn
D:2:      minmay_roachtagon, layout_basic, uniq_natasha

Skill      XL: |  1  2  3  4  5 |
---------------+----------------+-----
Axes           | 2 3 |  3.0
Armour         | 4 |  4.7
Fighting       | |  3.7
Dodging        | |  0.1
Shields        | |  3.9

Action                   |  1- 3 |  4- 6 || total
-------------------------+-------+-------++-------
Melee: War axe           |   143 |   122 ||   265
Throw: Stone             |     7 |       ||     7
Armor: Scale mail        |    21 |       ||    21
       Chain mail        |    84 |   104 ||   188
Dodge: Dodged            |    44 |    42 ||    86
Block: Kite shield       |    81 |    82 ||   163
